 Dungeon Crawl Stone Soup version 0.32-a0-893-gf85d74f360 (console) character file.

Game seed: 14715471986977036917

26923 jejorda2 the Carver (level 13, -1/104 HPs)
             Began as a Gnoll Berserker on Apr 3, 2024.
             Was a Priest of Trog.
             Succumbed to a black mamba's poison
             ... on level 3 of the Lair of Beasts.
             The game lasted 00:45:48 (14801 turns).

jejorda2 the Carver (Gnoll Berserker)              Turns: 14801, Time: 00:45:48

Health: -1/104     AC: 19    Str: 21    XL:     13   Next: 29%
Magic:  34/34      EV:  9    Int:  6    God:    Trog [***...]
Gold:   952        SH:  6    Dex: 13    Spells: 28/28 levels left

rFire   + . .        a - +4 spear
rCold   + + .        P - +0 buckler
rNeg    . . .        h - +1 plate armour
rPois   .            (no helmet)
rElec   .            c - +0 cloak
rCorr   .            n - +1 Delatra's gloves {ID++}
SInv    .            (no boots)
Will    +++..        O - amulet of faith Stlth
                     N - ring "Vemid" {rC++ Will+ MP+9}
HPRegen 1.37/turn    l - ring of protection from fire
MPRegen 0.24/turn

%: faith
@: mighty, lethally poisoned (-1 -> -4), strong-willed (expiring), on berserk
cooldown, regenerating (expiring), slowed, studying Long Blades, very slow
A: fangs 1, strong nose, distributed training
a: Renounce Religion, Berserk, Trog's Hand


You were on level 3 of the Lair of Beasts.
You worshipped Trog.
Trog was most pleased with you.
You visited 2 branches of the dungeon, and saw 13 of its levels.
You also visited: Sewer and Bailey.

You collected 1042 gold pieces.
You spent 90 gold pieces at shops.

Inventory:

Hand Weapons
 a - a +4 spear (weapon)
Missiles
 d - 6 atropa-tipped darts
 k - 5 datura-tipped darts
 w - 7 poisoned darts (quivered)
 y - 16 javelins
 D - a curare-tipped dart
 E - 8 boomerangs
 G - 5 throwing nets
Armour
 c - a +0 cloak (worn)
 h - a +1 plate armour (worn)
 n - the +1 Delatra's gloves (worn) {ID++}
   (You found it on level 2 of the Dungeon)

   ID++:      It heals its wearer when they drink unknown potions, and restores
   their MP when they read unknown scrolls.
 P - a +0 buckler (worn)
Jewellery
 l - a ring of protection from fire (right hand)
 C - a ring of ice
 N - the ring "Vemid" (left hand) {rC++ Will+ MP+9}
   (You acquired it in a bailey)

   [ring of willpower]

   rC++:      It greatly protects you from cold.
   Will+:     It increases your willpower.
   MP+9:      It affects your magic capacity (+9).
 O - an amulet of faith (around neck)
Wands
 s - a wand of mindburst (21)
 x - a wand of flame (9)
 B - a wand of charming (10)
 H - a wand of polymorph (6)
Scrolls
 e - a scroll of teleportation
 g - a scroll of enchant armour
 i - a scroll of fog
 t - a scroll of silence
 z - a scroll of enchant weapon
 F - a scroll of blinking
 I - a scroll of immolation
 J - a scroll of vulnerability
Potions
 f - 7 potions of mutation
 j - 5 potions of curing
 m - a potion of haste {unknown}
 o - 4 potions of enlightenment
 p - a potion of ambrosia {unknown}
 q - 2 potions of magic
 r - a potion of might
 u - a potion of resistance {unknown}
 v - 4 potions of lignification
 A - a potion of cancellation
 K - a potion of attraction {unknown}


   Skills:
 + Level 10.7 Fighting
 + Level 8.4 Short Blades
 + Level 11.0 Long Blades
 + Level 8.4 Axes
 + Level 8.4 Maces & Flails
 + Level 10.7 Polearms
 + Level 8.4 Staves
 + Level 8.4 Ranged Weapons
 + Level 8.4 Throwing
 + Level 9.7 Armour
 + Level 9.7 Dodging
 + Level 8.4 Stealth
 + Level 8.4 Shields
 + Level 8.4 Unarmed Combat
 + Level 8.4 Spellcasting
 + Level 7.0 Conjurations
 + Level 7.0 Hexes
 + Level 7.0 Summonings
 + Level 7.0 Necromancy
 + Level 7.0 Translocations
 + Level 7.0 Fire Magic
 + Level 7.0 Ice Magic
 + Level 7.0 Air Magic
 + Level 7.0 Earth Magic
 + Level 7.0 Alchemy
 + Level 9.2 Invocations
 + Level 8.4 Evocations
 + Level 7.7 Shapeshifting


You had 28 spell levels left.
You didn't know any spells.
Your spell library was empty.

Dungeon Overview and Level Annotations

Branches:
Dungeon (10/15)            Temple (0/1) D:6            Lair (3/5) D:10
    Orc (0/2) D:9           Sewer (visited)          Bailey (visited)
  Swamp: Lair:2-3    Shoals: Lair:2-3     Snake: Lair:2-3    Spider: Lair:2-3

Altars:
Cheibriados
Elyvilon
Gozag

Shops:
D:8 *

Annotations:
D:4 2 transporters, Pollywompus's ghost, novice CoBe
D:10 2 transporters
Lair:1 2 transporters, Shayle's ghost, journeyman CoAl


Innate Abilities, Weirdness & Mutations

You have very sharp teeth.
Your uncanny sense of smell can sniff out nearby items.
Your experience applies equally to all skills.


Message History

You hit the black mamba. Your bite misses the black mamba.
The black mamba is severely wounded.
You feel sick.
The black mamba bites you but does no damage.
You miss the black mamba. Your bite misses the black mamba.
The black mamba is severely wounded.
You feel sick.
You closely miss the black mamba.
The black mamba is severely wounded.
You feel sick. The black mamba bites you.
* * * LOW HITPOINT WARNING * * *
You are lethally poisoned!
The black mamba poisons you!
You barely miss the black mamba.
The black mamba is severely wounded.
* * * LOW HITPOINT WARNING * * *
You feel very sick. The black mamba closely misses you.
You puncture the black mamba!
You feel the power of Trog in you as your rage grows.
You kill the black mamba!
Trog accepts your kill.
* * * LOW HITPOINT WARNING * * *
You feel very sick.
* * * LOW HITPOINT WARNING * * *
You feel very sick.
Items here: †††.
You feel a strong urge to attack something.
* * * LOW HITPOINT WARNING * * *
You feel very sick.
* * * LOW HITPOINT WARNING * * *
You feel very sick.
You feel your anger nearly subside.
You feel the effects of Trog's Hand fading.
* * * LOW HITPOINT WARNING * * *
You feel very sick.
You are no longer berserk.
You are exhausted.
You feel yourself slow down.
You die...

.... ...# #..## #...
###..P ####....#
........# ....^..@#
..#P##..# ###..###
#.#..#.# #...†## ##...#
######...### ####
####...P......##.PP#.#.
##......................


There were no monsters in sight!

Vanquished Creatures
  Fannar (Lair:2)
  Harold (D:8)
  A hydra (Lair:2)
  A centaur warrior (D:10)
  A two-headed ogre (D:9)
  5 death yaks (Lair:3)
  Nergalle (Lair:1)
  Pikel (D:9)
  An orc knight (Bailey)
  An oklob plant (D:10)
  An ice statue (D:10)
  A black mamba (Lair:3)
  Joseph (D:7)
  3 cane toads
  An orange demon (D:10)
  Maggie (D:9)
  5 komodo dragons
  A kobold demonologist (D:9)
  A rime drake (Lair:1)
  6 ice devils (D:10)
  A polar bear (Lair:2)
  Grinder (D:3)
  Prince Ribbit (D:9)
  5 blink frogs (Lair:1)
  A shadow (D:10)
  2 wyverns
  2 wraiths
  3 basilisks
  18 yaks
  9 water moccasins
  15 orc warriors
  4 sky beasts
  An ice beast (D:8)
  A black bear (D:7)
  8 wolves
  A centaur (D:5)
  3 lemures (D:9)
  2 phantoms (D:6)
  A kobold brigand (D:8)
  A brain worm (Sewer)
  4 bullfrogs
  A gnoll sergeant (D:9)
  4 scorpions
  9 wights
  4 killer bees (D:8)
  A howler monkey (D:7)
  A lava snake (D:10)
  4 hounds
  4 bombardier beetles
  2 jellies
  5 orc priests
  2 sleepcaps
  6 iguanas
  7 orc wizards
  10 gnolls
  8 adders
  3 river rats (Sewer)
  A shadow imp (D:7)
  A white imp (D:6)
  8 ufetubi
  6 dart slugs
  2 ribbon worms
  43 orcs
  6 endoplasms
  7 giant cockroaches
  15 hobgoblins
  7 jackals
  7 quokkas
  19 ball pythons
  17 bats
  8 frilled lizards
  5 goblins
  10 kobolds
  6 rats
  A butterfly (D:1)
359 creatures vanquished.

Vanquished Creatures (collateral kills)
  Amaemon (D:10)
  A wraith (D:10)
  7 yaks (D:10)
  An acid dragon (D:10)
  A centaur (D:10)
  An orc (Bailey)
12 creatures vanquished.

Grand Total: 371 creatures vanquished

Notes
Turn   | Place    | Note
-------+----------+-------------------------------------------
     0 | D:1      | jejorda2 the Gnoll Berserker began the quest for the Orb.
     0 | D:1      | Reached XP level 1. HP: 23/23 MP: 1/1
    99 | D:1      | Reached XP level 2. HP: 29/29 MP: 2/2
   304 | D:1      | Reached ** piety under Trog
   313 | D:1      | Reached XP level 3. HP: 22/35 MP: 3/3
   488 | D:1      | Reached skill level 1 in Invocations
   944 | D:2      | Reached skill level 1 in Short Blades
   944 | D:2      | Reached skill level 1 in Long Blades
   944 | D:2      | Reached skill level 1 in Axes
   944 | D:2      | Reached skill level 1 in Maces & Flails
   944 | D:2      | Reached skill level 1 in Staves
   944 | D:2      | Reached skill level 1 in Ranged Weapons
   944 | D:2      | Reached skill level 1 in Throwing
   944 | D:2      | Reached skill level 1 in Stealth
   944 | D:2      | Reached skill level 1 in Shields
   944 | D:2      | Reached skill level 1 in Unarmed Combat
   944 | D:2      | Reached skill level 1 in Spellcasting
   944 | D:2      | Reached skill level 1 in Evocations
   971 | D:2      | Reached skill level 1 in Shapeshifting
   971 | D:2      | Reached XP level 4. HP: 41/41 MP: 5/5
  1052 | D:2      | Found a faded altar of an unknown god.
  1188 | D:2      | Reached skill level 1 in Conjurations
  1188 | D:2      | Reached skill level 1 in Hexes
  1188 | D:2      | Reached skill level 1 in Summonings
  1188 | D:2      | Reached skill level 1 in Necromancy
  1188 | D:2      | Reached skill level 1 in Translocations
  1188 | D:2      | Reached skill level 1 in Fire Magic
  1188 | D:2      | Reached skill level 1 in Ice Magic
  1188 | D:2      | Reached skill level 1 in Air Magic
  1188 | D:2      | Reached skill level 1 in Earth Magic
  1188 | D:2      | Reached skill level 1 in Alchemy
  1405 | D:2      | Found the +1 Delatra's gloves {ID++}
  1433 | D:2      | Reached XP level 5. HP: 46/47 MP: 5/7
  1553 | D:2      | Reached *** piety under Trog
  2074 | D:3      | Noticed Grinder
  2083 | D:3      | Killed Grinder
  2084 | D:3      | Reached skill level 2 in Long Blades
  2084 | D:3      | Reached skill level 5 in Armour
  2084 | D:3      | Reached skill level 5 in Dodging
  2084 | D:3      | Reached XP level 6. HP: 43/53 MP: 7/9
  2817 | D:4      | Noticed Pollywompus's ghost (novice CoBe)
  2818 | D:4      | Found a transporter.
  2818 | D:4      | Found a transporter.
  2818 | D:4      | Identified the +8 dire flail "Nigyck" {vamp, *Slow rCorr
                  | Int+5 Dex+4}
  2903 | D:4      | Reached XP level 7. HP: 52/60 MP: 10/10
  2904 | D:4      | Found a glowing drain.
  2932 | Sewer    | Entered a sewer
  3126 | Sewer    | Reached **** piety under Trog
  4130 | D:5      | Entered Level 5 of the Dungeon
  4417 | D:5      | Reached skill level 3 in Long Blades
  4417 | D:5      | Reached XP level 8. HP: 45/67 MP: 12/12
  5114 | D:6      | Found a staircase to the Ecumenical Temple.
  5465 | D:6      | Reached XP level 9. HP: 73/73 MP: 14/14
  5504 | D:6      | Reached skill level 4 in Long Blades
  6188 | D:7      | Identified a scroll of acquirement
  6188 | D:7      | Acquired a manual of Long Blades
  6239 | D:7      | Reached skill level 5 in Invocations
  6296 | D:7      | Reached skill level 5 in Long Blades
  6417 | D:7      | Noticed Joseph
  6432 | D:7      | Killed Joseph
  6600 | D:7      | Reached skill level 5 in Short Blades
  6600 | D:7      | Reached skill level 5 in Axes
  6600 | D:7      | Reached skill level 5 in Maces & Flails
  6600 | D:7      | Reached skill level 5 in Staves
  6600 | D:7      | Reached skill level 5 in Ranged Weapons
  6600 | D:7      | Reached skill level 5 in Throwing
  6600 | D:7      | Reached skill level 5 in Stealth
  6600 | D:7      | Reached skill level 5 in Shields
  6600 | D:7      | Reached skill level 5 in Unarmed Combat
  6600 | D:7      | Reached skill level 5 in Spellcasting
  6600 | D:7      | Reached skill level 5 in Evocations
  6600 | D:7      | Reached XP level 10. HP: 81/81 MP: 17/17
  7228 | D:8      | Found an opulent altar of Gozag.
  7352 | D:8      | Found a snail-covered altar of Cheibriados.
  7355 | D:8      | Reached skill level 6 in Long Blades
  7360 | D:8      | Found Liagoa's Island Escapes.
  7619 | D:8      | Reached ***** piety under Trog
  7888 | D:8      | Bought a scroll of blinking for 90 gold pieces
  7901 | D:9      | Noticed Harold
  7913 | D:8      | Killed Harold
  7914 | D:8      | Reached skill level 5 in Shapeshifting
  7944 | D:9      | Noticed Maggie
  7954 | D:9      | Killed Maggie
  8024 | D:9      | Noticed Prince Ribbit
  8038 | D:9      | Killed Prince Ribbit
  8121 | D:9      | Noticed a kobold demonologist
  8133 | D:9      | Noticed a smoke demon
  8134 | D:9      | Noticed a sun demon
  8139 | D:9      | Killed a kobold demonologist
  8414 | D:9      | Noticed a two-headed ogre
  8424 | D:9      | Killed a two-headed ogre
  8425 | D:9      | Reached skill level 7 in Long Blades
  8548 | D:9      | Found a staircase to the Orcish Mines.
  8591 | D:9      | Reached skill level 5 in Conjurations
  8591 | D:9      | Reached skill level 5 in Hexes
  8591 | D:9      | Reached skill level 5 in Summonings
  8591 | D:9      | Reached skill level 5 in Necromancy
  8591 | D:9      | Reached skill level 5 in Translocations
  8591 | D:9      | Reached skill level 5 in Fire Magic
  8591 | D:9      | Reached skill level 5 in Ice Magic
  8591 | D:9      | Reached skill level 5 in Air Magic
  8591 | D:9      | Reached skill level 5 in Earth Magic
  8591 | D:9      | Reached skill level 5 in Alchemy
  8612 | D:9      | Reached XP level 11. HP: 77/89 MP: 20/20
  8815 | D:9      | Noticed Pikel
  8868 | D:9      | Killed Pikel
  9217 | D:10     | Entered Level 10 of the Dungeon
  9282 | D:10     | Noticed a centaur warrior
  9299 | D:10     | Killed a centaur warrior
  9339 | D:10     | Noticed an oklob plant
  9391 | D:10     | Noticed Amaemon
  9397 | D:10     | Reached skill level 8 in Long Blades
  9403 | D:10     | Killed Amaemon
  9708 | D:10     | Found a flagged portal.
  9717 | Bailey   | Entered a bailey
 10231 | Bailey   | Noticed an orc knight
 10242 | Bailey   | Killed an orc knight
 10243 | Bailey   | Reached skill level 9 in Long Blades
 10361 | Bailey   | Acquired the ring "Vemid" {rC++ Will+ MP+9}
 10434 | D:10     | Found a transporter.
 10436 | D:10     | Found a white marble altar of Elyvilon.
 10451 | D:10     | Found a transporter.
 10720 | D:10     | Reached XP level 12. HP: 97/97 MP: 22/22
 10823 | D:10     | Found a staircase to the Lair.
 11510 | Lair:1   | Entered Level 1 of the Lair of Beasts
 11510 | Lair:1   | Noticed Nergalle
 11521 | Lair:1   | Killed Nergalle
 11522 | Lair:1   | Reached skill level 10 in Fighting
 11522 | Lair:1   | Reached skill level 10 in Polearms
 11588 | Lair:1   | Found a transporter.
 11589 | Lair:1   | Found a transporter.
 11589 | Lair:1   | Noticed Shayle's ghost (journeyman CoAl)
 12465 | Lair:2   | Noticed Fannar
 12482 | Lair:2   | Killed Fannar
 12483 | Lair:2   | Reached skill level 10 in Long Blades
 12538 | Lair:2   | Noticed a seven-headed hydra
 12552 | Lair:2   | Killed a seven-headed hydra
 14507 | Lair:3   | Reached XP level 13. HP: 79/104 MP: 25/25
 14773 | Lair:3   | Reached skill level 11 in Long Blades
 14797 | Lair:3   | HP: 7/156 [poisoned by a black mamba]
 14799 | Lair:3   | HP: 3/156 [poisoned by a black mamba]
 14800 | Lair:3   | HP: 1/156 [poisoned by a black mamba]
 14801 | Lair:3   | Succumbed to a black mamba's poison

Illustrated notes

Levels and vault maps discovered:
D:1:      spicycebolla_arrival_clurvy, layout_rooms, st_stairs_11,
          amcnicky_mini_corridor_feature
D:2:      minmay_alternating_diamond, layout_loops_ring,
          hellmonk_ecumenical_altar_dog_temple, pf_guarded_unrand_delatra
D:3:      layout_loops_ring, nicolae_titane, uniq_grinder
D:4:      layout_loops_ring, mainiacjoe_sewer_entry_somewhere_in_here_1,
          gammafunk_ghost_smash
D:5:      layout_basic, grunt_ministairs_8
D:6:      layout_cave_pools, minmay_temple_entry_steel_oval,
          corexii_corridor_pit, minmay_crystal_room, palyth_stone_intersect,
          minmay_joined_circles
D:7:      layout_basic, uniq_joseph
D:8:      layout_loops_cross, mainiacjoe_overflow_24_doors, cheibriados_altar_1,
          nicolae_island_escapes
D:9:      layout_loops_cross, david_orc_4, uniq_harold, uniq_prince_ribbit1,
          uniq_pikel, uniq_maggie
D:10:     cheibrodos_frozen_isle, layout_long_grid, elyvilon_altar_4,
          dpeg_oklobed_lair, enter_bailey_1, nicolae_lava_and_water,
          minmay_hedge_maze, uniq_amaemon
Lair:1:   layout_regular_city, gammafunk_ghost_arena, uniq_nergalle
Lair:2:   layout_hall_layers, serial_bayou_ford_a, lemuel_fruit_tree,
          lemuel_fruit_fields, uniq_fannar
Lair:3:   hellmonk_destroyed_diamonds, layout_small_grid,
          palyth_hydra_swamp_entry, alex1729_snake_entry_snake

Skill      XL: |  1  2  3  4  5  6  7  8  9 10 11 12 13 |
---------------+----------------------------------------+-----
Invocations    | 1 2 3 4 5 6 7 8 9 |  9.2
Short Blades   | 1 2 3 5 6 7 8 |  8.4
Long Blades    | 1 2 3 5 7 9 10 11 | 11.0
Axes           | 1 2 3 5 6 7 8 |  8.4
Maces & Flails | 1 2 3 5 6 7 8 |  8.4
Staves         | 1 2 3 5 6 7 8 |  8.4
Ranged Weapons | 1 2 3 5 6 7 8 |  8.4
Throwing       | 1 2 3 5 6 7 8 |  8.4
Stealth        | 1 2 3 5 6 7 8 |  8.4
Shields        | 1 2 3 5 6 7 8 |  8.4
Unarmed Combat | 1 2 3 5 6 7 8 |  8.4
Spellcasting   | 1 2 3 5 6 7 8 |  8.4
Evocations     | 1 2 3 5 6 7 8 |  8.4
Shapeshifting  | 1 2 3 4 5 6 7 |  7.7
Conjurations   | 1 2 3 4 5 6 7 |  7.0
Hexes          | 1 2 3 4 5 6 7 |  7.0
Summonings     | 1 2 3 4 5 6 7 |  7.0
Necromancy     | 1 2 3 4 5 6 7 |  7.0
Translocations | 1 2 3 4 5 6 7 |  7.0
Fire Magic     | 1 2 3 4 5 6 7 |  7.0
Ice Magic      | 1 2 3 4 5 6 7 |  7.0
Air Magic      | 1 2 3 4 5 6 7 |  7.0
Earth Magic    | 1 2 3 4 5 6 7 |  7.0
Alchemy        | 1 2 3 4 5 6 7 |  7.0
Armour         | 5 6 7 8 9 |  9.7
Dodging        | 5 6 7 8 9 |  9.7
Fighting       | 7 8 9 10 | 10.7
Polearms       | 7 8 9 10 | 10.7

Action                     |  1- 3 |  4- 6 |  7- 9 | 10-12 | 13-15 || total
---------------------------+-------+-------+-------+-------+-------++-------
  Melee: Spear             |   154 |   100 |       |   569 |   139 ||   962
         Bite              |    15 |    16 |    34 |    97 |    20 ||   182
         Halberd           |       |    81 |   409 |   374 |       ||   864
  Throw: Dart              |       |       |       |     9 |       ||     9
         Javelin           |       |       |       |     2 |       ||     2
         Boomerang         |       |       |       |    90 |       ||    90
         Throwing net      |       |       |       |       |     3 ||     3
 Invoke: Trog's Hand       |       |     2 |     2 |     8 |     3 ||    15
         Berserk           |       |     1 |     2 |    19 |     2 ||    24
         Brothers in Arms  |       |       |       |     3 |       ||     3
  Evoke: Wand              |       |       |       |       |     1 ||     1
    Use: Scroll            |       |    10 |     7 |     7 |       ||    24
         Potion            |       |       |       |     4 |     1 ||     5
   Stab: Held in net/web   |       |       |       |       |     4 ||     4
 Armour: Animal skin       |    34 |       |       |       |       ||    34
         Plate armour      |    11 |   123 |   343 |   555 |    55 ||  1087
         Ring mail         |     7 |       |       |       |       ||     7
  Dodge: Dodged            |    67 |    50 |   120 |   343 |    19 ||   599
  Block: Buckler           |       |       |       |    69 |    12 ||    81

Table legend: (Time is in decaauts)
 A = Elapsed time spent in this place.
 B = Non-inter-level travel time spent in this place.
 C = Inter-level travel time spent in this place.
 D = Time resting spent in this place.
 E = Time spent auto-exploring this place.
 F = Levels seen in this place.
 G = Mean time per level.
                   A        B        C        D        E       F      G
               +--------+--------+--------+--------+--------+-----+--------+
         Total |  14936 |  14429 |    507 |   1759 |   8781 |  15 |  995.7 |
       Dungeon |  10322 |   9977 |    345 |    947 |   6179 |  10 | 1032.2 |
          Lair |   3083 |   2922 |    161 |    533 |   1771 |   3 | 1027.7 |
         Sewer |    876 |    876 |      0 |      0 |    632 |   1 |  876.0 |
        Bailey |    653 |    653 |      0 |    278 |    198 |   1 |  653.0 |
               +--------+--------+--------+--------+--------+-----+--------+

Top non-repeatable levels by time:
  Lair:2: 1688 daAuts
    D:10: 1671 daAuts
     D:9: 1219 daAuts
     D:6: 1156 daAuts
  Lair:1: 1069 daAuts
     D:2: 1047 daAuts
     D:8: 993 daAuts
     D:4: 983 daAuts
     D:7: 915 daAuts
   Sewer: 876 daAuts
     D:1: 848 daAuts
     D:5: 777 daAuts
     D:3: 709 daAuts
  Bailey: 653 daAuts
  Lair:3: 326 daAuts
